AoeStats
← Governor

Arena

510417574Analyzed
4v4 RM · 14h ago on Sep 30, 2026· 46m 54s· 8 players
Game mode
Random Map
Map size
Large (8 player)
Population
200
Speed
Normal
Resources
Standard
Victory
Conquest
Starting age
Dark Age
Ending age
Imperial Age
RankedLock teamsTeams togetherTeam positionsShared explorationLock speedFull tech treeHidden civsTurbo modeCheats
Victory
Defeat
🇺🇸 Persians · United States
942
+12
🇺🇸 Mongols · United States
891
+14
🇵🇱 Franks · Poland
870
+14
🇷🇺 Danes · Russia
842
+16
🇺🇸 Celts · United States
951
-19
🇨🇱 Khmer · Chile
814
-13
🇨🇳 Vikings · China
794
-31
🇪🇨 Spanish · Ecuador
787
-12
Prodigy
1:57 Loom
11:00 Feudal Age
13:09 Stone Mining
15:33 Castle Age
15:06 Double-Bit Axe
16:29 Fletching
22:41 Padded Archer Armor
34:02 Wheelbarrow
36:11 Bodkin Arrow
37:27 Bow Saw
36:59 Horse Collar
38:58 Ballistics
39:46 Hand Cart
39:49 Leather Archer Armor
43:27 Imperial Age
42:06 Heavy Plow
41:58 Gold Mining
42:27 Thumb Ring
41:47 Elite Skirmisher
42:39 Town Watch
43:17 Bloodlines
43:07 Husbandry
44:30 Conscription
44:38 Parthian Tactics
44:20 Light Cavalry
44:34 Onager
45:28 Hussar
46:13 Bracer
45:51 Capped Ram
Jan
12:48 Feudal Age
13:41 Double-Bit Axe
17:12 Castle Age
15:01 Double-Bit Axe
15:02 Horse Collar
17:18 Stone Mining
17:20 Gold Mining
18:35 Bow Saw
28:34 Imperial Age
27:23 Forging
27:53 Scale Barding Armor
28:48 Iron Casting
28:56 Gold Shaft Mining
30:41 Two-Man Saw
31:30 Chemistry
30:51 Ballistics
32:11 Heavy Plow
32:49 Stone Shaft Mining
35:43 Crop Rotation
36:21 Wheelbarrow
35:32 Loom
35:32 Town Watch
37:27 Fletching
37:38 Padded Archer Armor
37:39 Scale Mail Armor
38:39 Blast Furnace
38:08 Hand Cart
38:47 Squires
38:34 Gambesons
39:48 Leather Archer Armor
39:29 Bodkin Arrow
41:08 Chain Barding Armor
41:51 Husbandry
42:02 Bloodlines
42:43 Kamandaran
42:54 Citadels
42:33 Cavalier
44:36 Caravan
45:16 Coinage
45:01 Guilds
45:09 Savar
Light
MrFractal
10:20 Feudal Age
14:11 Castle Age
13:31 Double-Bit Axe
17:57 Town Watch
17:58 Loom
18:49 Wheelbarrow
18:45 Bow Saw
25:09 Husbandry
29:02 Imperial Age
26:49 Hand Cart
26:48 Forging
26:43 Scale Barding Armor
26:20 Treadmill Crane
26:45 Town Patrol
28:14 Iron Casting
27:54 Gold Mining
27:54 Stone Mining
28:01 Murder Holes
28:18 Masonry
30:05 Conscription
31:34 Blast Furnace
30:47 Cavalier
33:00 Pikeman
33:26 Gambesons
33:42 Squires
33:27 Arson
33:44 Scale Mail Armor
34:06 Chain Barding Armor
36:44 Gold Shaft Mining
36:47 Plate Barding Armor
36:28 Chain Mail Armor
36:36 Ballistics
40:21 Halberdier
45:24 Paladin
Ratchet08
9:47 Feudal Age
17:35 Castle Age
15:33 Double-Bit Axe
15:37 Horse Collar
23:11 Pikeman
24:54 Bow Saw
25:02 Forging
24:53 Scale Mail Armor
32:45 Imperial Age
33:18 Iron Casting
32:58 Chain Mail Armor
33:16 Heavy Plow
33:51 Loom
34:42 Wheelbarrow
35:02 Conscription
35:57 Padded Archer Armor
35:49 Fletching
37:02 Blast Furnace
36:32 Plate Mail Armor
35:49 Elite Skirmisher
38:44 Halberdier
40:21 Conscription
41:15 Bodkin Arrow
Junior
7:51 Loom
12:03 Feudal Age
16:48 Castle Age
14:39 Double-Bit Axe
15:05 Horse Collar
16:37 Gold Mining
16:40 Stone Mining
18:04 Bow Saw
18:53 Heavy Plow
23:06 Fletching
28:02 Masonry
28:57 Murder Holes
30:27 Stone Shaft Mining
32:11 Town Watch
33:02 Wheelbarrow
36:14 Imperial Age
35:07 Bloodlines
34:58 Husbandry
36:05 Ballistics
35:09 Elite Skirmisher
36:33 Bodkin Arrow
36:39 Padded Archer Armor
38:05 Chemistry
39:13 Bracer
39:29 Leather Archer Armor
39:24 Squires
39:10 Gambesons
38:46 Pikeman
41:24 Hand Cart
41:02 Arson
41:45 Thumb Ring
42:17 Ring Archer Armor
43:40 Forging
43:31 Scale Mail Armor
43:24 Halberdier
wfR'
11:35 Feudal Age
12:53 Wheelbarrow
12:07 Double-Bit Axe
12:07 Horse Collar
16:28 Stone Mining
16:33 Gold Mining
17:59 Loom
18:25 Town Watch
22:10 Castle Age
23:53 Hand Cart
28:48 Stone Shaft Mining
29:00 Gold Shaft Mining
29:01 Town Patrol
29:23 Tusk Swords
36:33 Bow Saw
36:26 Heavy Plow
39:01 Imperial Age
39:18 Elite Ballista Elephant
39:58 Double Crossbow
44:26 Crop Rotation
Governor
4:08 Loom
11:30 Feudal Age
12:37 Double-Bit Axe
20:37 Castle Age
21:15 Scale Mail Armor
21:06 Town Watch
21:59 Horse Collar
24:10 Gold Mining
24:10 Stone Mining
25:17 Fletching
26:08 Gold Shaft Mining
25:36 Heavy Plow
28:15 Squires
29:52 Pikeman
33:58 Imperial Age
31:29 Crossbowman
32:41 Chain Mail Armor
34:41 Ballistics
34:35 Masonry
39:35 Plate Mail Armor
39:17 Forging
39:09 Town Patrol
Connection lost

Rejoining the realm…

Still unreachable

The connection could not be restored.

Session expired

The server has moved on; the page needs a fresh start.